 Dungeon Crawl Stone Soup version 0.29.1-12-g30fa7ad0bf (webtiles) character file.

Game seed: 3179444937873744126

68 mopl the Sneak (level 4, -2/29 HPs)
             Began as an Octopode Brigand on Dec 29, 2022.
             Killed from afar by Ijyb (9 damage)
             ... with a puff of flame
             ... on level 3 of the Dungeon.
             The game lasted 00:01:45 (2151 turns).

mopl the Sneak (Octopode Brigand)                   Turns: 2151, Time: 00:01:46

Health: -2/29      AC:  1    Str: 10    XL:     4   Next: 19%
Magic:  4/4        EV: 13    Int: 15    God:
Gold:   132        SH:  0    Dex: 13    Spells: 3/3 levels left

rFire   . . .      SeeInvis .   a - +2 dagger
rCold   . . .      Faith    .   (no shield)
rNeg    . . .      Spirit   .   (helmet restricted)
rPois   .          Reflect  .   (no amulet)
rElec   .          Harm     .   (no ring)
rCorr   .          Rampage  .   (no ring)
Will    .....                   (no ring)
Stlth   ++++......              (no ring)
HPRegen 0.09/turn               (no ring)
MPRegen 0.09/turn               (no ring)
                                (no ring)
                                (no ring)

@: no status effects
A: almost no armour, amphibious, 8 rings, camouflage 1, gelatinous body 1,
(nimble swimmer 1), tentacles
a: no special abilities


You were on level 3 of the Dungeon.
You visited 1 branch of the dungeon, and saw 3 of its levels.

You collected 132 gold pieces.

Inventory:

Hand Weapons
 a - a +2 dagger (weapon)
Missiles
 b - 9 poisoned darts (quivered)
 c - 3 curare-tipped darts
Magical Staves
 m - a staff of air
Scrolls
 d - 2 scrolls of teleportation {unknown}
 g - 3 scrolls of identify {unknown}
 h - a scroll of immolation {unknown}
 k - a scroll of poison {unknown}
 l - a scroll of enchant weapon {unknown}
 n - a scroll of enchant armour {unknown}
Potions
 e - a potion of curing {unknown}
 f - a potion of mutation {unknown}
 i - a potion of might {unknown}
 j - a potion of berserk rage {unknown}
 o - a potion of brilliance {unknown}
 p - a potion of heal wounds {unknown}
 q - a potion of flight {unknown}


   Skills:
 - Level 2.0 Fighting
 + Level 2.6 Short Blades
 + Level 2.7 Throwing
 + Level 2.1 Dodging
 + Level 6.0 Stealth


You had 3 spell levels left.
You didn't know any spells.
Your spell library contained the following spells:

 Spells                   Type           Power      Damage    Failure   Level
 Conjure Flame            Conj/Fire      0%         6-21      63%         3
 Ignite Poison            Fire/Tmut/Pois 0%         N/A       63%         3
 Sticky Flame             Conj/Fire      0%         2d3       95%         4


Dungeon Overview and Level Annotations

Branches:
Dungeon (3/15)

Altars:
Gozag

Shops:
D:2 (

Annotations:
D:3 Ijyb


Innate Abilities, Weirdness & Mutations

You cannot wear most types of armour.
You are amphibious.
You can wear up to eight rings at the same time.
Your skin changes colour to match your surroundings (Stealth+).
Your rubbery body absorbs attacks. (AC +1, EV +1)
((You are camouflaged when in or above water. (Stealth+)))
You have tentacles for arms and can constrict up to eight enemies at once.


Message History

The goblin unwields a +0 sling.
The goblin hits you.
You closely miss the goblin. You grab the goblin. You constrict the goblin.
You hit the goblin but do no damage. You squeeze the goblin.
You kill the goblin!
Things that are here:
a +0 sling; a goblin corpse
Things that are here:
a +0 dagger; 3 stones; a kobold corpse You start resting.
HP restored.
Things that are here:
a +0 dagger; 3 stones; a kobold corpse
There is an open door here.
There is an open door here.
You see here a +0 club.
You open the large door. 2 goblins come into view.
The goblin shouts!
Ijyb the Twisted Goblin comes into view.
She is wielding a +4 spectral club and carrying a wand of flame (11).
Unknown command.
The goblin shouts!
You hit the goblin.
You kill the goblin!
Ijyb zaps a wand.
The puff of flame hits you.
You hit Ijyb but do no damage. You grab Ijyb.
You constrict Ijyb, but do no damage. Ijyb barely misses you.
You hit Ijyb but do no damage. You squeeze Ijyb, but do no damage.
You constrict Ijyb, but do no damage. Ijyb hits you with a +4 spectral club.
The goblin hits you with a +0 dagger.
Unknown command.
You hit Ijyb. Your squeeze misses Ijyb.
Ijyb is lightly wounded.
You constrict Ijyb. Ijyb hits you with a +4 spectral club!
* * * LOW HITPOINT WARNING * * *
The goblin barely misses you.
Unknown command.
You hit the goblin.
You kill the goblin!
You constrict Ijyb.
Ijyb zaps a wand.
The puff of flame hits you!
You die...

##≈≈≈.†#...#..#
##≈≈#########..#...#
.#≈≈#..........#...#
....+..........#...#
#...+..........#...#
#...+..........#...#
##≈≈#.......)÷.#...#
#≈≈#########.)##g'#
##≈≈≈..#...#...@).#
#≈≈≈.)'...'......#
##≈≈..#...#......#
#################


You could see Ijyb.

Vanquished Creatures
  2 adders (D:2)
  A worm (D:2)
  2 ball pythons
  5 endoplasms
  A giant cockroach (D:3)
  9 goblins
  5 hobgoblins
  3 jackals (D:3)
  6 kobolds
  3 bats
  2 frilled lizards (D:1)
  6 rats (D:1)
45 creatures vanquished.

Vanquished Creatures (others)
  A plant (D:3)
1 creature vanquished.

Grand Total: 46 creatures vanquished

Notes
Turn   | Place    | Note
-------+----------+-------------------------------------------
     0 | D:1      | mopl the Octopode Brigand began the quest for the Orb.
     0 | D:1      | Reached XP level 1. HP: 14/14 MP: 1/1
   166 | D:1      | Reached XP level 2. HP: 2/19 MP: 2/2
   953 | D:2      | Found an opulent altar of Gozag.
  1219 | D:2      | Reached XP level 3. HP: 24/24 MP: 3/3
  1405 | D:2      | Found Tairoimn's Antique Weapon Boutique.
  1678 | D:2      | Reached skill level 2 in Dodging
  1920 | D:3      | Reached XP level 4. HP: 29/29 MP: 4/4
  1934 | D:3      | Reached skill level 6 in Stealth
  2138 | D:3      | Noticed Ijyb
  2151 | D:3      | Killed from afar by Ijyb

Illustrated notes

Levels and vault maps discovered:
D:1:      minmay_arrival_doors, layout_basic, minmay_crystal_room
D:2:      layout_loops_corners, serial_shops, shop, basic_altar, minivault_5
D:3:      kennysheep_goblin_castle, layout_basic,
          grunt_temple_overflow_order_and_chaos_2, tso_oasis_becter,
          shapermc_ecumenical_altar_petra, uniq_crazy_yiuf_cottage,
          uniq_sigmund, uniq_grinder

Skill      XL: |  1  2  3  4 |
---------------+-------------+-----
Dodging        | 2 |  2.1
Stealth        | 6 |  6.0
Fighting       | |  2.0
Short Blades   | |  2.6
Throwing       | |  2.7

Action                   |  1- 3 |  4- 6 || total
-------------------------+-------+-------++-------
Melee: Dagger            |    58 |    21 ||    79
       Tentacles         |     8 |     3 ||    11
       Constrict         |     9 |     6 ||    15
       Punch             |       |     1 ||     1
 Stab: Sleeping          |    17 |     2 ||    19
       Distracted        |     1 |       ||     1
Armor: Skin              |     1 |       ||     1
Dodge: Dodged            |    22 |    15 ||    37
